 Dungeon Crawl Stone Soup version 0.27-a0-1036-g8e1b44f6bd (webtiles) character file.

Game seed: 13378120527907284119

301 tilp the Sneak (level 6, -2/27 (33) HPs)
             Began as a Vine Stalker Brigand on Apr 18, 2021.
             Slain by a wight
             ... wielding a +3 trident
              (9 damage)
             ... on level 4 of the Dungeon.
             The game lasted 00:05:01 (2917 turns).

tilp the Sneak (Vine Stalker Brigand)               Turns: 2917, Time: 00:05:02

HP:   -2/27 (33)    AC:  7    Str: 14    XL:     6   Next: 37%
MP:   0/7           EV:  8    Int: 11    God:
Gold: 115           SH:  7    Dex: 17    Spells: 5/5 levels left

rFire    . . .     SeeInvis .   a - +3 dagger
rCold    . . .     Faith    .   m - +0 kite shield
rNeg     . . .     Spirit   +   q - +0 ring mail
rPois    .         Reflect  .   (no helmet)
rElec    .         Harm     .   c - +0 cloak
rCorr    .         Rampage  .   (no gloves)
Will     .....                  x - +0 pair of boots
Stlth    ++........             h - amulet of regeneration
HPRegen  2.09/turn              (no ring)
MPRegen  0.10/turn              (no ring)

@: heavily drained
A: fangs 2, regeneration 1, magic shield, antimagic bite, no potion heal 2
a: no special abilities


You were on level 4 of the Dungeon.
You visited 1 branch of the dungeon, and saw 4 of its levels.

You collected 193 gold pieces.
You spent 78 gold pieces at shops.

Inventory:

Hand Weapons
 a - a +3 dagger (weapon)
 b - a +2 short sword of electrocution
 e - a +0 vampiric short sword
 v - a +0 dagger of speed
Missiles
 d - 33 poisoned darts (quivered)
 r - a curare-tipped dart {!f}
Armour
 c - a +0 cloak (worn)
 m - a +0 kite shield (worn)
 q - a +0 ring mail (worn)
 x - a +0 pair of boots (worn)
Jewellery
 h - an amulet of regeneration (around neck)
 s - a ring of protection from cold
Scrolls
 k - a scroll of magic mapping {unknown}
 n - a scroll of fear {unknown}
 p - a scroll of teleportation
 t - a scroll of acquirement {unknown}
 u - 2 scrolls of enchant weapon
Potions
 f - a potion of lignification
 g - 3 potions of flight {unknown}
 i - 2 potions of brilliance {unknown}
 j - a potion of mutation {unknown}
 l - a potion of attraction {unknown}
 o - 3 potions of might
 w - 3 potions of haste {unknown}


   Skills:
 - Level 4.0 Fighting
 + Level 4.2 Short Blades
 - Level 1.7 Throwing
 + Level 1.4 Dodging
 + Level 5.2 Stealth


You had 5 spell levels left.
You didn't know any spells.
Your spell library contained the following spells:

 Spells                   Type           Power      Damage    Failure   Level
 Corona                   Hex            0%         N/A       99%         1
 Summon Small Mammal      Summ           0%         N/A       99%         1
 Call Imp                 Summ           0%         N/A       100%        2
 Slow                     Hex            0%         N/A       100%        2
 Call Canine Familiar     Summ           0%         N/A       100%        3
 Inner Flame              Hex/Fire       0%         N/A       100%        3
 Portal Projectile        Hex/Tloc       0%         N/A       100%        3
 Summon Guardian Golem    Hex/Summ       0%         N/A       100%        3
 Cause Fear               Hex            0%         N/A       100%        4
 Leda's Liquefaction      Hex/Erth       0%         N/A       100%        4
 Summon Ice Beast         Ice/Summ       0%         N/A       100%        4
 Summon Lightning Spire   Summ/Air       0%         N/A       100%        4


Dungeon Overview and Level Annotations

Branches:
Dungeon (4/15)
 Temple: D:4-7

Altars:
Qazlal
The Shining One

Shops:
D:2 ?


Innate Abilities, Weirdness & Mutations

You have extremely sharp teeth.
Your natural rate of healing is unusually fast.
When hurt, damage is shared between your health and your magic reserves.
Your bite disrupts and absorbs the magic of your enemies.
Potions cannot restore your health.


Message History

The helpless ball python fails to defend itself.
You perforate the ball python like a sieve!!!
You kill the ball python!
You see here a ball python corpse. 2 wights come into view.
The wight barely misses you. The wight barely misses you.
You completely miss the wight. You bite the wight. You drain its power.
The wight is moderately damaged.
The wight hits you with a +0 halberd.
You hit the wight but do no damage. You bite the wight, but do no damage.
The wight is moderately damaged.
You block the wight's attack. The wight hits you with a +0 halberd!
You feel drained.
You hit the wight but do no damage. You bite the wight, but do no damage.
The wight is moderately damaged.
You block the wight's attack. The wight hits you but does no damage.
You block the wight's attack. The wight completely misses you.
You hit the wight but do no damage. You bite the wight, but do no damage.
The wight is moderately damaged.
The wight hits you with a +0 halberd.
You feel drained. The wight closely misses you. x2
You hit the wight but do no damage.
The wight is moderately damaged.
You block the wight's attack. The wight closely misses you.
The wight hits you from afar with a +3 trident!
You hit the wight. Your bite misses the wight.
The wight is heavily damaged.
You block the wight's attack. x2
The wight hits you from afar with a +3 trident.
You feel drained.
You closely miss the wight. You bite the wight, but do no damage.
The wight is heavily damaged.
The wight hits you with a +0 halberd.
The wight hits you from afar with a +0 halberd!
* * * LOW HITPOINT WARNING * * *
You feel drained.
* * * LOW HITPOINT WARNING * * *
The wight hits you from afar with a +3 trident!
You die...

### #.# ### ###.## #..
....# #
#.#######..##.###.
#.(....†..........
######.###.###..##.###.#
.........>......@zz.....
######.##..###..##z#....
#....)..........# # #
#.####.#.........
#.################
.....# ##_##
#.##.##8...8
.....##.....
.....#8.....


You could see 3 wights.

Vanquished Creatures
  Sigmund (D:2)
  Jessica (D:2)
  Terence (D:2)
  An adder (D:2)
  A dart slug (D:3)
  8 ball pythons
  11 bats
  4 endoplasms
  A giant cockroach (D:2)
  14 goblins
  9 hobgoblins
  8 jackals
  5 quokkas
  5 frilled lizards
  5 kobolds
  6 rats
81 creatures vanquished.

Notes
Turn   | Place    | Note
-------+----------+-------------------------------------------
     0 | D:1      | tilp the Vine Stalker Brigand began the quest for the Orb.
     0 | D:1      | Reached XP level 1. HP: 11/11 MP: 2/2
   115 | D:1      | Reached XP level 2. HP: 6/15 MP: 1/3
   827 | D:1      | Reached XP level 3. HP: 19/19 MP: 4/4
  1063 | D:2      | Found Cunn's Magic Scroll Shop.
  1132 | D:2      | Bought a scroll of noise for 13 gold pieces
  1132 | D:2      | Bought a scroll of teleportation for 39 gold pieces
  1150 | D:2      | Noticed Jessica
  1159 | D:2      | Killed Jessica
  1160 | D:2      | Gained mutation: Your natural rate of healing is unusually
                  | fast. [Vine Stalker growth]
  1160 | D:2      | Reached XP level 4. HP: 22/24 MP: 5/5
  1447 | D:2      | Noticed Sigmund
  1471 | D:2      | Killed Sigmund
  1472 | D:2      | Reached skill level 1 in Dodging
  1472 | D:2      | Reached skill level 5 in Stealth
  1472 | D:2      | Reached XP level 5. HP: 29/29 MP: 6/6
  1472 | D:2      | Reached XP level 6. HP: 33/33 MP: 7/7
  1601 | D:2      | Noticed Terence
  1702 | D:2      | Killed Terence
  1850 | D:2      | Found a faded altar of an unknown god.
  2121 | D:2      | Bought a scroll of identify for 26 gold pieces
  2876 | D:4      | Found a glowing golden altar of the Shining One.
  2878 | D:4      | Found a stormy altar of Qazlal.
  2917 | D:4      | Slain by a wight

Illustrated notes

Levels and vault maps discovered:
D:1:      lightli_arrival_quake, layout_loops_ring, minmay_tiny_reverse_x
D:2:      layout_basic, hellmonk_ecumenical_altar_leap_of_faith, serial_shops,
          shop_coins, chequers_serial_rivers_micro_e, uniq_terence,
          uniq_jessica, uniq_sigmund
D:3:      cheibrodos_greedy_goblins, layout_basic, minmay_ruptured
D:4:      layout_basic, nicolae_overflow_hidden_temple,
          minmay_temple_entry_from_below_a

Skill      XL: |  1  2  3  4 |
---------------+-------------+-----
Fighting       | 2 3 4 |  4.0
Short Blades   | 2 3 4 |  4.2
Dodging        | 1 |  1.4
Stealth        | 5 |  5.2
Throwing       | |  1.7

Action                   |  1- 3 |  4- 6 || total
-------------------------+-------+-------++-------
Melee: Dagger            |    69 |   137 ||   206
       Bite              |    11 |    33 ||    44
Throw: Dart              |     2 |    11 ||    13
  Use: Scroll            |       |     3 ||     3
 Stab: Sleeping          |    11 |     5 ||    16
Armor: Robe              |     5 |       ||     5
       Leather armour    |    21 |     8 ||    29
       Ring mail         |       |    40 ||    40
Dodge: Dodged            |    22 |    58 ||    80
Block: Kite shield       |     1 |    47 ||    48

Table legend: (Time is in decaauts)
 A = Elapsed time spent in this place.
 B = Non-inter-level travel time spent in this place.
 C = Inter-level travel time spent in this place.
 D = Time resting spent in this place.
 E = Time spent auto-exploring this place.
 F = Levels seen in this place.
 G = Mean time per level.
                   A        B        C        D        E       F      G
               +--------+--------+--------+--------+--------+-----+--------+
         Total |   2930 |   2750 |    180 |    132 |   1953 |   4 |  732.5 |
       Dungeon |   2930 |   2750 |    180 |    132 |   1953 |   4 |  732.5 |
               +--------+--------+--------+--------+--------+-----+--------+

Top non-repeatable levels by time:
     D:2: 1088 daAuts
     D:1: 1082 daAuts
     D:3: 599 daAuts
     D:4: 160 daAuts
